Map: Forêt cybernétique EC

Players

GrosTas - Winner!

  • Race: Terran Terran
  • League: Diamond
  • Spawn Location: 5:00

Sorandom

  • Race: Zerg Zerg
  • League: Diamond
  • Spawn Location: 11:00

VOD

Have the link to the VOD?

Description

Time

  • Played on: April 9, 2019, 8:21 p.m.
  • Length: 13:44
Show
View Real Time Build Order
Export as new Build Order

GrosTas Terran - Winner!

Build Orders: Liberator Opening, Reaper Expand 

Get SALT Encoding   

  12  0:01  SCV  
  13  0:13  SCV  
  14  0:17  Supply Depot  
  14  0:25  SCV  
  15  0:38  SCV  
  15  0:39  Barracks  
  16  0:44  Refinery  
  16  0:51  SCV  
  17  1:03  SCV  
  18  1:15  SCV  
  19  1:27  Reaper  
  19  1:28  Orbital Command  
  20  1:43  Command Center  
  20  1:55  SCV  
  21  2:03  Supply Depot  
  21  2:07  Factory  
  21  2:09  SCV  
  21  2:12  Refinery  
  22  2:21  Barracks Reactor  
  22  2:23  SCV  
  23  2:35  SCV  
  24  2:47  SCV  
  25  2:54  Starport  
  25  2:55  Orbital Command  
  25  3:01  SCV  
  26  3:10  Hellion x2  
  30  3:13  SCV  
  30  3:16  Supply Depot  
  30  3:17  Barracks Tech Lab  
  31  3:24  SCV  
  31  3:25  Supply Depot, SCV  
  33  3:28  Liberator  
  33  3:31  Hellion  
  33  3:33  Hellion  
  37  3:40  SCV x2  
  41  3:52  SCV  
  42  4:00  SCV  
  43  4:06  Refinery  
  43  4:08  Refinery  
  45  4:10  Hellion x2  
  45  4:12  Stimpack, Marine  
  45  4:15  SCV x2  
  50  4:27  SCV x2  
  52  4:36  Command Center  
  52  4:45  Marine  
  52  4:47  Barracks x2  
  52  4:52  SCV  
  54  4:54  Engineering Bay  
  54  4:55  Engineering Bay  
  54  4:58  SCV  
  55  5:04  SCV  
  55  5:10  SCV  
  56  5:16  SCV  
  49  5:22  SCV  
  49  5:26  Terran Infantry Armor Level 1, Terran Infantry Weapons Level 1  
  49  5:28  SCV  
  47  5:29  Supply Depot  
  47  5:31  Factory Tech Lab  
  47  5:32  Medivac  
  47  5:33  Medivac  
  47  5:34  SCV  
  52  5:40  SCV  
  52  5:42  Barracks Reactor  
  50  5:43  Barracks Reactor  
  50  5:45  Liberator  
  50  5:46  SCV  
  50  5:49  Supply Depot  
  51  5:50  Orbital Command  
  52  5:57  SCV  
  52  5:58  SCV  
  52  5:59  Siege Tank  
  52  6:00  Marine  
  60  6:09  SCV  
  60  6:10  SCV  
  62  6:16  Orbital Command  
  62  6:18  Marine  
  63  6:22  Armory  
  63  6:24  Supply Depot  
  63  6:27  Marine x3  
  63  6:28  Marine  
  63  6:32  SCV x2  
  69  6:36  Command Center  
  69  6:41  Combat Shield  
  69  6:42  Siege Tank  
  69  6:43  Marine  
  69  6:44  Marine  
  69  6:45  Marine  
  75  7:06  SCV  
  75  7:07  SCV x2  
  78  7:10  Supply Depot, Refinery  
  78  7:11  Refinery  
  78  7:14  Siege Tank  
  78  7:15  Marine x5  
  84  7:17  Barracks x2  
  84  7:18  Barracks  
  86  7:23  Supply Depot  
  86  7:26  SCV x2  
  88  7:31  Terran Infantry Weapons Level 2  
  88  7:33  Terran Infantry Armor Level 2, Marine x5  
  93  7:44  SCV  
  93  7:48  Orbital Command  
  93  7:49  Siege Tank  
  93  7:50  Marine  
  93  7:51  SCV, Marine x4  
  98  7:54  SCV  
  98  7:56  SCV  
  102  8:01  Liberator  
  102  8:09  SCV x2  
  102  8:10  Orbital Command  
  103  8:16  Barracks Reactor x3  
  103  8:18  Medivac  
  108  8:23  Supply Depot  
  109  8:27  SCV x3  
  109  8:29  Siege Tank  
  109  8:32  Marine x5  
  119  8:39  SCV  
  119  8:41  SCV x3  
  122  8:45  Refinery  
  122  8:46  Refinery  
  122  8:48  Medivac  
  125  8:49  Marine  
  125  8:50  Marine x3  
  125  8:51  SCV  
  125  8:53  Starport  
  125  8:54  Ghost Academy, Starport  
  130  8:56  Supply Depot  
  130  8:59  Supply Depot, SCV x3  
  130  9:00  Fusion Core  
  130  9:01  Marine  
  130  9:02  Marine x5  
  139  9:03  Marine  
  140  9:15  Marine  
  140  9:18  SCV x3  
  140  9:23  Marine x2  
  140  9:24  Supply Depot, Siege Tank, Orbital Command, Marine  
  146  9:25  Medivac x2  
  146  9:27  Supply Depot  
  153  9:32  SCV x2  
  135  9:51  SCV x4  
  139  9:55  Command Center  
  139  9:59  Command Center  
  139  10:02  Terran Infantry Armor Level 3, Terran Infantry Weapons Level 3  
  139  10:03  SCV x4  
  139  10:05  Siege Tank, Marine x2  
  139  10:06  Marine x3  
  151  10:14  Marine  
  151  10:15  SCV x2, Marine x5  
  151  10:16  SCV x2  
  151  10:21  Supply Depot  
  161  10:23  Supply Depot  
  161  10:27  Supply Depot, SCV, Starport Reactor x2  
  162  10:32  Liberator  
  162  10:34  SCV  
  162  10:35  SCV  
  164  10:50  Medivac  
  169  10:57  Marine x6  
  169  10:58  Liberator x3, Marine x5  
  169  10:59  Siege Tank  
  183  11:15  Medivac, Marine x4  
  183  11:16  Orbital Command x2  
  198  11:20  Medivac  
  198  11:21  Personal Cloaking  
  200  11:54  Missile Turret  
  200  11:57  Missile Turret  
  200  11:59  Missile Turret x2  
  200  12:01  Missile Turret x2  
  190  12:02  Missile Turret x2  
  190  12:03  Missile Turret x2  
  190  12:05  Missile Turret  
  190  12:06  Missile Turret x3  
  190  12:07  Missile Turret x2  
  190  12:12  Orbital Command  
  188  12:17  SCV x2  
  187  12:27  Missile Turret  
  187  12:28  Missile Turret  
  187  12:29  Missile Turret, Orbital Command  
  183  12:30  Missile Turret, Orbital Command  
  169  12:37  Liberator x3  
  169  12:38  Liberator  
  169  12:41  Marine x3  
  169  12:42  Marine x6  
  175  12:49  Marine x2  
  177  12:54  Medivac  
  177  12:55  Medivac, Siege Tank  
  196  12:59  Marine x4  
  197  13:15  Marauder, Marine x5  
  197  13:16  Marine  
  197  13:17  Marine x4  
Show
View Real Time Build Order
Export as new Build Order

Sorandom Zerg 

Build Orders: Pool First, Muta Ling Bane 

Get SALT Encoding   

  12  0:03  Drone  
  13  0:12  Overlord  
  13  0:21  Drone  
  14  0:31  Drone x2  
  16  0:35  Drone  
  17  0:46  Drone  
  18  0:51  Spawning Pool  
  18  0:53  Extractor  
  16  0:57  Drone  
  17  1:17  Hatchery  
  16  1:20  Drone  
  16  1:22  Drone  
  18  1:31  Drone  
  19  1:39  Queen  
  21  1:43  Zergling x2  
  22  1:53  Overlord  
  22  2:09  Metabolic Boost  
  22  2:14  Queen, Drone x2  
  26  2:23  Drone  
  26  2:31  Zergling x2  
  26  2:33  Queen  
  26  2:35  Drone  
  30  2:41  Zergling x2  
  31  2:45  Drone  
  31  2:51  Lair  
  32  2:54  Overlord  
  32  2:57  Drone  
  33  3:00  Drone  
  33  3:04  Drone  
  35  3:06  Drone  
  35  3:12  Overlord  
  36  3:19  Drone x2  
  38  3:23  Drone  
  39  3:29  Drone x3  
  42  3:34  Drone x2  
  44  3:53  Drone x3  
  44  3:54  Drone  
  48  3:59  Hatchery  
  46  4:03  Extractor  
  46  4:04  Extractor  
  46  4:05  Zergling x2  
  46  4:08  Zergling x4  
  47  4:11  Roach Warren, Spine Crawler  
  47  4:14  Queen  
  47  4:22  Spine Crawler  
  47  4:23  Zergling x8  
  51  4:31  Drone  
  51  4:39  Drone  
  51  4:40  Overlord x3  
  51  4:41  Overlord  
  52  4:47  Evolution Chamber  
  52  4:48  Evolution Chamber  
  52  4:49  Drone  
  52  4:50  Drone  
  52  4:55  Overlord  
  51  5:14  Drone  
  51  5:15  Drone x7  
  46  5:30  Drone x6  
  46  5:33  Queen  
  46  5:34  Queen  
  56  5:41  Spore Crawler  
  55  5:48  Drone x3  
  55  5:49  Drone  
  59  5:52  Spore Crawler x2  
  59  5:55  Overlord  
  59  5:56  Drone  
  58  6:01  Drone  
  59  6:04  Zerg Ground Armor Level 1  
  59  6:09  Drone x2  
  59  6:10  Drone  
  62  6:21  Overseer  
  62  6:27  Drone x6  
  62  6:28  Spine Crawler  
  62  6:31  Extractor, Drone  
  67  6:36  Drone  
  68  6:41  Glial Reconstitution, Zerg Melee Weapons Level 1  
  68  6:45  Zergling x4  
  68  6:46  Zergling x12  
  76  6:54  Baneling Nest  
  75  6:56  Extractor, Drone  
  75  6:57  Zergling x4  
  75  6:58  Overlord  
  77  7:07  Zergling x10  
  82  7:21  Zergling x2  
  82  7:22  Zergling x12  
  89  7:27  Spire, Overlord  
  89  7:29  Infestation Pit  
  87  7:37  Baneling x11  
  87  7:38  Zergling x12  
  93  7:54  Extractor, Drone  
  93  7:55  Drone x2  
  93  8:12  Queen x2  
  93  8:13  Queen  
  93  8:19  Zerg Ground Armor Level 2  
  99  8:20  Zergling x16, Hatchery  
  99  8:22  Overlord  
  99  8:26  Centrifical Hooks  
  106  8:33  Overlord x2  
  106  8:43  Overlord x2  
  106  8:51  Zergling x16  
  106  8:52  Zergling x2  
  106  8:53  Zergling x2  
  116  8:56  Zergling x2  
  116  9:00  Overlord x2  
  117  9:04  Zerg Melee Weapons Level 2  
  116  9:18  Mutalisk x4  
  124  9:24  Drone x4  
  124  9:25  Drone  
  129  9:35  Zerg Flyer Weapons Level 1, Mutalisk  
  131  9:39  Spore Crawler x2  
  118  9:50  Mutalisk x4  
  118  9:51  Mutalisk  
  128  10:02  Drone x2  
  128  10:03  Drone x6  
  136  10:15  Zergling x20  
  136  10:18  Baneling  
  136  10:19  Baneling  
  146  10:22  Extractor  
  146  10:25  Mutalisk  
  147  10:31  Overlord x3  
  147  10:47  Hive  
  147  10:59  Overseer x3  
  147  11:12  Extractor, Drone x2  
  147  11:13  Zergling x2, Drone x6  
  147  11:14  Zergling x14  
  147  11:15  Burrow  
  162  11:19  Hatchery  
  162  11:23  Mutalisk x7  
  175  11:31  Overlord x3  
  175  11:54  Mutalisk x3  
  175  11:55  Mutalisk x7  
  195  12:05  Baneling x12  
  195  12:06  Baneling x6  
  191  12:17  Zergling x2, Mutalisk  
  191  12:18  Mutalisk x3  
  169  12:43  Mutalisk x6  
  147  12:52  Mutalisk x2  
  147  12:55  Zergling x12  
  147  12:56  Zergling x2  
  158  13:01  Zergling x6  
  154  13:14  Zergling x10  
  154  13:15  Zergling x2  
Tags
 
Add a new tag
Caveats
  • Supply blocks, unpowered buildings, or Contaminate may cause inaccurate times.
  • Supply counts are checked every 10 seconds.